 Dungeon Crawl Stone Soup version 0.26-a0-844-g3dd439832f (webtiles) character file.

Game seed: 18269428302176908305

10993 pablito the Grappler (level 11, -1/105 HPs)
             Began as a Troll Berserker on Nov 18, 2020.
             Was a Priest of Trog.
             Killed by mirror damage (10 damage)
             ... on level 11 of the Dungeon.
             The game lasted 00:41:38 (8446 turns).

pablito the Grappler (Troll Berserker)              Turns: 8446, Time: 00:41:38

Health: -1/105     AC: 13    Str: 28    XL:     11   Next: 43%
Magic:  10/10      EV: 10    Int:  3    God:    Trog [***...]
Gold:   674        SH: 13    Dex: 11    Spells: 10/10 levels left

rFire    . . .     SeeInvis +     - Unarmed
rCold    . . .     Faith    .   t - +2 kite shield
rNeg     . . .     Spirit   .   L - +0 troll leather armour
rPois    .         Reflect  .   (helmet restricted)
rElec    .         Harm     .   m - +0 cloak
rCorr    .         Rampage  .   (gloves unavailable)
MR       .....                  (boots unavailable)
Stlth    +.........             O - amulet of regeneration
HPRegen  1.47/turn              s - ring of see invisible
MPRegen  0.12/turn              J - +4 ring of protection (curse)

@: lethally poisoned (-1 -> -2), berserk cooldown, slowed, very slow
A: large, unfitting armour, claws 3, regeneration 1, shaggy fur 1, tough skin 3
a: Berserk, Trog's Hand, Renounce Religion


You were on level 11 of the Dungeon.
You worshipped Trog.
Trog was most pleased with you.
You visited 1 branch of the dungeon, and saw 11 of its levels.

You collected 788 gold pieces.
You spent 114 gold pieces at shops.

Inventory:

Hand Weapons
 A - a +0 giant spiked club
Missiles
 b - 566 stones
 l - 12 curare-tipped darts (quivered)
 E - 8 large rocks
 H - 3 boomerangs of dispersal
Armour
 a - a +1 animal skin
 m - a +0 cloak (worn)
 t - a +2 kite shield (worn)
 L - a +0 troll leather armour (worn)
Jewellery
 d - an uncursed ring of resist corrosion
 s - a ring of see invisible (left claw)
 u - an uncursed amulet of reflection
 v - an uncursed ring of protection from magic
 y - an uncursed ring of poison resistance
 z - an uncursed amulet of faith
 J - a cursed +4 ring of protection (right claw)
 O - an amulet of regeneration (around neck)
Wands
 j - a wand of polymorph (8)
 q - a wand of iceblast (9)
 x - a wand of flame (45)
 B - a wand of random effects (50)
 N - a wand of disintegration (16)
Scrolls
 g - 2 scrolls of immolation
 i - 2 scrolls of remove curse
 r - 4 scrolls of teleportation
 F - a scroll of magic mapping
 G - 2 scrolls of identify
 I - a scroll of fog {unknown}
 M - a scroll of enchant weapon
Potions
 c - 4 potions of lignification {unknown}
 e - a potion of haste
 f - 2 potions of experience {unknown}
 h - 5 potions of curing
 k - 3 potions of attraction {unknown}
 n - 2 potions of ambrosia {unknown}
 o - 3 potions of flight {unknown}
 p - a potion of heal wounds {unknown}
 w - 2 potions of invisibility {unknown}
 C - a potion of mutation {unknown}
 D - a potion of might {unknown}
 K - a potion of cancellation {unknown}


   Skills:
 + Level 6.0 Fighting
 - Level 6.5 Throwing
 - Level 3.3 Dodging
 * Level 8.8 Shields
 + Level 9.6 Unarmed Combat
 - Level 4.7 Evocations


You had 10 spell levels left.
You didn't know any spells.
Your spell library was empty.

Dungeon Overview and Level Annotations

Branches:
Dungeon (11/15)            Temple (0/1) D:7            Lair (0/6) D:9
    Orc (0/2) D:10

Altars:
Dithmenos
Elyvilon
Makhleb
Okawaru
Qazlal
Wu Jian
Zin
Beogh

Shops:
D:7 [=[[   D:8 *   D:9 }

Annotations:
D:7 2 transporters, dracfodder's ghost, novice GrBe
D:10 1 runed translucent door


Innate Abilities, Weirdness & Mutations

You are too large for most types of armour.
You have claws for hands.
Your natural rate of healing is unusually fast.
You are covered in fur. (AC +1)
You have extremely tough skin. (AC +3)


Message History

The death knight is moderately wounded.
The death knight reflects your damage back at you!
You feel sick.
The death knight hits you with a +3 great sword!
* * * LOW HITPOINT WARNING * * *
You barely miss the death knight.
The death knight is moderately wounded.
The death knight hits you with a +3 great sword.
* * * LOW HITPOINT WARNING * * *
You claw the death knight!
The death knight is heavily wounded.
The death knight reflects your damage back at you!
* * * LOW HITPOINT WARNING * * *
The death knight invokes the aid of Yredelemnul against you.
Your body is wracked with pain!
* * * LOW HITPOINT WARNING * * *
You claw the death knight!
The death knight is severely wounded.
The death knight reflects your damage back at you!
You die...

#..#####..............##..
#. #..............##.} #
#......p...........
#^.######....#.y..#
#.Z#:.........yFZ..
#..#...[..##.yh....
#..#......##......$
#.p#...............
#.@#....#....#T....
#............#.s...
#....##......#.....
#....##......#.....
#...........|#.....
#..#....######....#
#....... ...... #<.......


You could see a death knight (reflects damage) and a bullfrog zombie.

Vanquished Creatures
  A two-headed ogre (D:8)
  3 death yaks (D:9)
  An orc knight (D:11)
  2 cyclopes
  A manticore (D:11)
  A centaur skeleton (D:11)
  A tengu conjurer (D:11)
  2 trolls
  Prince Ribbit (D:7)
  A shadow (D:11)
  A yak (D:10)
  Grum (D:8)
  Menkaure (D:7)
  Edmund (D:6)
  7 orc warriors
  2 ice beasts
  2 sky beasts
  2 black bears
  2 phantoms
  An ogre (D:7)
  2 necrophages
  3 wolves (D:8)
  4 centaurs
  7 big kobolds
  4 bullfrogs
  3 wights (D:10)
  3 howler monkeys (D:9)
  A crimson imp (D:4)
  A centaur zombie (D:11)
  A quasit (D:10)
  2 bullfrog zombies (D:7)
  3 hounds
  2 jellies (D:8)
  Crazy Yiuf (D:7)
  5 iguanas
  9 orc priests
  19 orc wizards
  Jessica (D:2)
  2 hell rats (D:9)
  6 worker ants
  Robin (D:3)
  6 gnolls
  A river rat (D:9)
  3 adders
  3 shadow imps
  6 white imps
  3 ufetubi
  An ooze (D:3)
  An adder skeleton (D:5)
  An adder zombie (D:4)
  2 worms (D:2)
  3 leopard geckos
  63 orcs
  10 bats
  2 giant cockroaches
  46 goblins
  20 hobgoblins
  11 jackals
  3 quokkas
  A ball python (D:3)
  7 frilled lizards
  30 kobolds
  A leopard gecko skeleton (D:4)
  A quokka skeleton (D:4)
  4 rats
343 creatures vanquished.

Vanquished Creatures (collateral kills)
  A bullfrog skeleton (D:9)
  A river rat (D:9)
  2 kobolds (D:9)
  A quokka (D:9)
  A rat (D:9)
6 creatures vanquished.

Grand Total: 349 creatures vanquished

Notes
Turn   | Place    | Note
-------+----------+-------------------------------------------
     0 | D:1      | pablito the Troll Berserker began the quest for the Orb.
     0 | D:1      | Reached XP level 1. HP: 22/22 MP: 0/0
   214 | D:1      | Reached XP level 2. HP: 29/29 MP: 1/1
   303 | D:1      | You fall into a shaft and drop 1 floor!
   511 | D:2      | Reached XP level 3. HP: 36/36 MP: 2/2
   521 | D:2      | Reached ** piety under Trog
   598 | D:2      | Noticed Jessica
   599 | D:2      | Killed Jessica
  1020 | D:3      | Reached XP level 4. HP: 45/45 MP: 3/3
  1238 | D:3      | Reached skill level 4 in Unarmed Combat
  1414 | D:3      | Reached *** piety under Trog
  1438 | D:3      | Noticed Robin
  1449 | D:3      | Reached XP level 5. HP: 53/53 MP: 4/4
  1483 | D:3      | HP: 5/53 [hobgoblin/+0 club[Robin] (3)]
  1492 | D:3      | Killed Robin
  1605 | D:3      | Reached XP level 6. HP: 62/62 MP: 5/5
  1617 | D:3      | Reached skill level 5 in Unarmed Combat
  1849 | D:3      | Reached **** piety under Trog
  2437 | D:4      | Reached skill level 1 in Throwing
  2525 | D:4      | Reached XP level 7. HP: 70/71 MP: 6/6
  2855 | D:4      | Found an ornate altar of the Wu Jian Council.
  3117 | D:4      | Found a burning altar of Makhleb.
  3118 | D:4      | Found a stormy altar of Qazlal.
  3426 | D:5      | Entered Level 5 of the Dungeon
  3622 | D:5      | Reached skill level 5 in Fighting
  3622 | D:5      | Reached skill level 1 in Shields
  3622 | D:5      | Reached skill level 6 in Unarmed Combat
  4041 | D:6      | Found an iron altar of Okawaru.
  4111 | D:6      | Reached XP level 8. HP: 80/80 MP: 7/7
  4142 | D:6      | Found a shadowy altar of Dithmenos.
  4217 | D:6      | Noticed Edmund
  4226 | D:6      | Killed Edmund
  4379 | D:6      | Found a white marble altar of Elyvilon.
  4482 | D:7      | Reached skill level 1 in Evocations
  4499 | D:7      | Found Okkeoc's Jewellery Boutique.
  4611 | D:7      | Found Ulaesosa's Antique Armour Shoppe.
  4618 | D:7      | Reached ***** piety under Trog
  4684 | D:7      | Bought a steaming robe for 114 gold pieces
  4694 | D:7      | Identified the cursed +0 robe "Cum Ulu" {*Corrode MR+ SInv
                  | Stlth+} (You bought it in a shop on level 7 of the Dungeon)
  4727 | D:7      | Noticed Menkaure
  4744 | D:7      | Killed Menkaure
  4750 | D:7      | Reached skill level 7 in Unarmed Combat
  4845 | D:7      | Reached XP level 9. HP: 88/88 MP: 8/8
  4907 | D:7      | Noticed Prince Ribbit
  4916 | D:7      | Killed Prince Ribbit
  4959 | D:7      | Found Pimiran's Antique Armour Shop.
  5032 | D:7      | Noticed a cyclops
  5044 | D:7      | Killed a cyclops
  5045 | D:7      | Reached skill level 5 in Shields
  5098 | D:7      | Found a transporter.
  5114 | D:7      | Found a transporter.
  5115 | D:7      | Noticed dracfodder's ghost (novice GrBe)
  5121 | D:7      | Found Rifulyur's Armour Shoppe.
  5250 | D:7      | Found a runed translucent door.
  5251 | D:7      | Noticed Crazy Yiuf
  5313 | D:7      | Killed Crazy Yiuf
  5475 | D:7      | Found a staircase to the Ecumenical Temple.
  5634 | D:8      | Found a roughly hewn altar of Beogh.
  5641 | D:8      | Noticed a two-headed ogre
  5649 | D:8      | Killed a two-headed ogre
  5650 | D:8      | Reached skill level 5 in Throwing
  5650 | D:8      | Reached skill level 8 in Unarmed Combat
  5701 | D:8      | Reached XP level 10. HP: 96/96 MP: 9/9
  5762 | D:8      | Found Hiorphac's General Store.
  6021 | D:8      | Received a gift from Trog
  6096 | D:8      | Noticed Grum
  6103 | D:8      | Killed Grum
  6621 | D:9      | Found a staircase to the Lair.
  6621 | D:9      | Noticed a death yak
  6621 | D:9      | Noticed a death yak
  6646 | D:9      | Killed a death yak
  6648 | D:9      | Noticed a death yak
  6654 | D:9      | Killed a death yak
  6659 | D:9      | HP: 1/96 [death yak (16)]
  6665 | D:9      | HP: 6/96 [death yak (16)]
  6670 | D:9      | Killed a death yak
  7061 | D:9      | Received a gift from Trog
  7122 | D:9      | Found Taiff's Gadget Boutique.
  7451 | D:10     | Entered Level 10 of the Dungeon
  7558 | D:10     | Reached skill level 9 in Unarmed Combat
  7674 | D:10     | Reached XP level 11. HP: 104/104 MP: 10/10
  7781 | D:10     | Found a staircase to the Orcish Mines.
  7912 | D:10     | Found a glowing silver altar of Zin.
  7912 | D:10     | Found a runed translucent door.
  7912 | D:10     | Noticed an angel
  8227 | D:11     | Noticed an orc knight
  8237 | D:11     | Killed an orc knight
  8410 | D:11     | Noticed a death knight
  8445 | D:11     | HP: 9/105 [??? (7)]
  8446 | D:11     | Killed by mirror damage

Illustrated notes

Levels and vault maps discovered:
D:1:      scummos_arrival_hexagon, layout_basic
D:2:      layout_loops_ring, uniq_jessica
D:3:      minmay_goblin_kobold_castle, layout_basic, uniq_robin
D:4:      layout_basic, nicolae_overflow_crystal_walls,
          gammafunk_temple_overflow_statue, minmay_fire_ice_demons
D:5:      layout_loops_cross, minmay_holes
D:6:      layout_gridville, old_standard_altar, lemuel_doored_altar,
          okawaru_metal_pillars_1_2, uniq_edmund
D:7:      layout_loops_ring, minmay_temple_entry_fiery, serial_shops,
          nicolae_shop_crystal, shop_fountains, nicolae_shop_statue_plus, shop,
          gammafunk_ghost_mausoleum, uniq_prince_ribbit1, uniq_menkaure,
          uniq_crazy_yiuf_cottage
D:8:      layout_loops_cross, special_room [special_room_orc], serial_shops,
          shop, uniq_grum
D:9:      layout_big_octagon, dpeg_lair_monsters, serial_shops,
          nicolae_shop_stone
D:10:     layout_roguey, david_orc_4, lemuel_angel_altar
D:11:     minmay_cut_squares, layout_long_grid, special_room [special_room_orc],
          minivault_12

Skill      XL: |  1  2  3  4  5  6  7  8  9 10 11 |
---------------+----------------------------------+-----
Fighting       | 3 4 5 6 |  6.0
Dodging        | 3 |  3.3
Unarmed Combat | 4 5 6 7 8 9 |  9.6
Throwing       | 1 2 4 5 6 |  6.5
Shields        | 1 4 6 7 8 |  8.8
Evocations     | 2 3 4 |  4.7

Action                   |  1- 3 |  4- 6 |  7- 9 | 10-12 || total
-------------------------+-------+-------+-------+-------++-------
Melee: Unarmed           |    76 |   231 |   292 |   396 ||   995
       Punch             |       |     2 |       |       ||     2
Invok: Berserk           |     5 |     5 |     7 |     6 ||    23
       Trog's Hand       |       |     1 |       |     3 ||     4
       Brothers in Arms  |       |       |       |     1 ||     1
  Use: Scroll            |     5 |       |    12 |     5 ||    22
       Potion            |       |       |       |     5 ||     5
 Stab: Sleeping          |       |       |       |     1 ||     1
Armor: Animal skin       |    26 |    99 |    70 |    65 ||   260
       Troll leather arm |       |       |       |    83 ||    83
Dodge: Dodged            |    44 |   178 |    89 |   147 ||   458
Block: Kite shield       |       |       |   179 |   300 ||   479
       Reflection        |       |       |     2 |       ||     2

Table legend: (Time is in decaauts)
 A = Elapsed time spent in this place.
 B = Non-inter-level travel time spent in this place.
 C = Inter-level travel time spent in this place.
 D = Time resting spent in this place.
 E = Time spent auto-exploring this place.
 F = Levels seen in this place.
 G = Mean time per level.
                   A        B        C        D        E       F      G
               +--------+--------+--------+--------+--------+-----+--------+
         Total |   8478 |   8258 |    220 |    517 |   5280 |  11 |  770.7 |
       Dungeon |   8478 |   8258 |    220 |    517 |   5280 |  11 |  770.7 |
               +--------+--------+--------+--------+--------+-----+--------+

Top non-repeatable levels by time:
     D:3: 1525 daAuts
     D:9: 1042 daAuts
     D:7: 1034 daAuts
     D:4: 995 daAuts
     D:8: 847 daAuts
    D:10: 771 daAuts
     D:2: 661 daAuts
     D:5: 603 daAuts
     D:6: 456 daAuts
     D:1: 321 daAuts
    D:11: 218 daAuts
